AoeStats
← Larkinstreet

Arabia

509799566Analyzed
2v2 RM · 5d ago on Sep 28, 2026· 26m 23s· 4 players
Game mode
Random Map
Map size
Medium (4 player)
Population
200
Speed
Normal
Resources
Standard
Victory
Conquest
Starting age
Dark Age
Ending age
Imperial Age
RankedLock teamsTeams togetherTeam positionsShared explorationLock speedFull tech treeHidden civsTurbo modeCheats
Victory
Defeat
🇦🇺 Saxons · Australia
1118
+13
🇺🇸 Lithuanians · United States
1029
+16
🇭🇰 Huns · Hong Kong SAR China
1059
-15
🇨🇦 Varangians · Canada
1034
-14
Ellendhir
7:16 Loom
10:04 Feudal Age
10:39 Double-Bit Axe
22:13 Castle Age
20:57 Gold Mining
21:41 Bloodlines
21:45 Forging
21:18 Horse Collar
22:59 Husbandry
Starlight
0:26 Loom
11:13 Feudal Age
12:40 Wheelbarrow
18:20 Castle Age
18:28 Double-Bit Axe
18:25 Horse Collar
25:36 Bow Saw
toesucker69
9:29 Feudal Age
9:33 Man-at-Arms
14:18 Fletching
21:07 Castle Age
20:01 Double-Bit Axe
20:08 Gold Mining
21:45 Loom
21:23 Crossbowman
23:32 Ballistics
23:34 Bodkin Arrow
25:43 Padded Archer Armor
26:41 Leather Archer Armor
Larkinstreet
5:20 Loom
10:39 Feudal Age
11:19 Double-Bit Axe
22:34 Castle Age
20:41 Horse Collar
21:34 Gold Mining
22:13 Forging
23:46 Bloodlines
26:41 Bow Saw
Connection lost

Rejoining the realm…

Still unreachable

The connection could not be restored.

Session expired

The server has moved on; the page needs a fresh start.